Map: Ruby Rock LE

Players

Serral - Winner!

  • Race: Zerg Zerg
  • League: Grandmaster
  • Spawn Location: 5:00

HolyHit

  • Race: Protoss Protoss
  • League: Grandmaster
  • Spawn Location: 11:00

VOD

Have the link to the VOD?

Description

Time

  • Played on: Jan. 30, 2026, 12:04 p.m.
  • Length: 8:39
Show
View Real Time Build Order
Export as new Build Order

Serral Zerg - Winner!

Build Orders: Hatch First 

Get SALT Encoding   

  12  0:00  Drone  
  13  0:07  Drone  
  13  0:14  Extractor, Drone  
  15  0:22  Overlord  
  15  0:43  Drone  
  15  0:45  Hatchery  
  15  0:49  Drone  
  16  0:52  Drone  
  16  0:55  Drone  
  18  1:05  Extractor  
  18  1:10  Spawning Pool  
  16  1:15  Drone  
  16  1:17  Drone  
  18  1:27  Drone  
  19  1:38  Drone  
  20  1:49  Drone  
  21  1:57  Queen x2  
  21  1:58  Zergling x2  
  21  1:59  Overlord  
  26  2:08  Drone  
  27  2:09  Zergling x2  
  27  2:11  Metabolic Boost  
  28  2:19  Drone  
  28  2:21  Drone  
  30  2:29  Drone  
  31  2:33  Queen  
  33  2:42  Hatchery  
  32  2:46  Overlord  
  32  2:48  Zergling x2  
  32  2:51  Drone  
  34  2:52  Drone  
  34  2:54  Zergling x2  
  35  3:06  Spore Crawler  
  35  3:08  Overlord  
  35  3:09  Drone x2  
  35  3:12  Drone x3  
  40  3:15  Drone  
  40  3:17  Drone  
  40  3:18  Drone  
  43  3:26  Drone  
  44  3:29  Queen  
  44  3:31  Overlord  
  44  3:34  Drone  
  47  3:39  Drone  
  47  3:40  Spore Crawler, Drone  
  48  3:43  Drone x2  
  48  3:45  Drone  
  51  3:48  Drone  
  51  3:51  Drone x2  
  51  3:52  Drone  
  55  3:59  Queen  
  55  4:01  Spore Crawler  
  56  4:03  Zergling x2  
  56  4:04  Drone  
  56  4:06  Drone x2  
  60  4:10  Drone x2  
  62  4:17  Drone  
  62  4:18  Roach Warren  
  62  4:19  Drone  
  62  4:20  Drone  
  62  4:22  Drone  
  65  4:27  Drone  
  65  4:29  Overlord  
  66  4:33  Overlord  
  66  4:36  Drone  
  66  4:40  Overlord  
  66  4:41  Overlord  
  66  4:45  Drone  
  66  4:49  Lair  
  66  4:50  Zergling x4  
  66  4:52  Drone x2, Hatchery  
  69  4:56  Drone x3  
  72  5:01  Zergling x4  
  72  5:02  Queen  
  77  5:07  Drone x2  
  77  5:08  Overlord  
  77  5:09  Drone x2  
  77  5:11  Extractor  
  77  5:12  Extractor x2  
  77  5:14  Drone x3  
  77  5:15  Roach  
  77  5:20  Roach  
  83  5:26  Evolution Chamber  
  83  5:27  Roach x5  
  92  5:33  Overlord  
  92  5:37  Roach x3  
  92  5:40  Evolution Chamber  
  92  5:42  Roach  
  89  5:51  Overlord  
  89  5:52  Roach x2, Zergling x8  
  97  5:58  Pneumatized Carapace  
  97  6:01  Zergling x10  
  102  6:05  Zergling x4  
  103  6:11  Overlord  
  103  6:13  Queen  
  103  6:14  Zergling x4  
  107  6:19  Zergling x6  
  110  6:26  Ravager x3  
  110  6:27  Overlord x3  
  110  6:31  Zergling x6  
  116  6:39  Ravager  
  117  6:40  Ravager  
  117  6:41  Zergling x8  
  117  6:42  Queen  
  117  6:43  Queen  
  126  6:47  Zergling x2  
  126  6:49  Zergling x6  
  126  6:50  Ravager  
  126  6:53  Queen  
  133  6:56  Zergling x2  
  133  6:57  Zergling x4  
  136  7:04  Ravager x2  
  136  7:05  Zergling x2  
  136  7:06  Zergling x10  
  144  7:09  Ravager  
  140  7:18  Zergling x12  
  140  7:22  Ravager x2  
  147  7:25  Zergling x8  
  147  7:33  Zergling x2  
  147  7:34  Zergling x20  
  138  7:38  Zergling x2  
  138  7:43  Roach  
  128  7:44  Roach  
  128  7:45  Roach  
  128  7:50  Zergling x4, Roach  
  121  7:54  Zergling x2  
  121  7:55  Zergling x10  
  126  7:58  Zergling x6  
  126  8:02  Zergling x4  
  122  8:08  Roach  
  118  8:13  Roach x3  
  118  8:19  Roach x4  
Show
View Real Time Build Order
Export as new Build Order

HolyHit Protoss 

Build Orders: 1 Gate Expand, Oracle Opening 

Get SALT Encoding   

  12  0:00  Probe  
  13  0:12  Probe  
  14  0:18  Pylon  
  14  0:24  Probe  
  15  0:32  Probe  
  15  0:38  Gateway  
  15  0:40  Probe  
  16  0:47  Assimilator  
  17  0:51  Probe  
  18  1:03  Probe  
  19  1:15  Probe  
  20  1:24  Nexus  
  20  1:33  Cybernetics Core  
  20  1:36  Probe  
  21  1:44  Assimilator  
  21  1:48  Probe  
  21  1:52  Pylon  
  22  2:00  Adept, Probe  
  23  2:12  Probe  
  26  2:20  Adept  
  26  2:22  Stargate  
  26  2:24  Probe  
  27  2:33  Probe  
  27  2:36  Probe, Warp Gate  
  31  2:41  Probe  
  31  2:48  Stalker, Probe  
  35  2:51  Probe  
  36  3:00  Probe  
  37  3:08  Probe  
  37  3:12  Oracle, Probe  
  40  3:20  Probe  
  40  3:21  Gateway  
  40  3:24  Probe  
  42  3:32  Twilight Council, Probe  
  42  3:33  Pylon  
  43  3:37  Probe  
  43  3:38  Resonating Glaives  
  44  3:44  Probe  
  45  3:49  Probe, Gateway  
  45  3:53  Gateway  
  46  3:56  Probe  
  47  4:08  Probe, Pylon  
  48  4:15  Nexus  
  48  4:18  Probe  
  48  4:21  Probe  
  48  4:22  Pylon  
  50  4:26  Adept x2  
  50  4:30  Probe  
  55  4:35  Probe  
  54  4:42  Probe  
  54  4:44  Assimilator, Adept  
  57  4:46  Adept x2  
  57  4:47  Pylon, Assimilator  
  57  4:49  Probe  
  57  4:52  Adept  
  64  4:55  Probe  
  64  4:58  Shield Battery  
  65  5:01  Probe  
  65  5:04  Pylon  
  66  5:11  Adept x3  
  72  5:19  Robotics Facility  
  72  5:21  Probe  
  72  5:22  Forge  
  72  5:25  Probe  
  74  5:28  Sentry  
  74  5:30  Probe  
  74  5:33  Probe  
  78  5:37  Probe  
  79  5:43  Probe  
  79  5:46  Probe, Protoss Ground Weapons Level 1  
  79  5:49  Probe  
  76  5:55  Adept x4, Probe  
  85  5:58  Probe  
  85  5:59  Immortal  
  85  6:01  Probe  
  85  6:10  Probe x2  
  85  6:14  Blink, Pylon  
  85  6:17  Sentry x2  
  93  6:19  Probe  
  93  6:25  Gateway  
  94  6:26  Gateway  
  94  6:31  Sentry, Pylon  
  94  6:32  Immortal  
  96  6:34  Assimilator  
  96  6:36  Sentry  
  96  6:38  Probe  
  103  6:41  Probe  
  103  6:45  Stalker x2  
  108  6:50  Gateway  
  108  6:58  Pylon  
  108  7:01  Pylon  
  108  7:06  Adept x2  
  112  7:10  Adept x2  
  116  7:16  Pylon, Warp Prism  
  116  7:18  Pylon  
  116  7:20  Adept x2  
  122  7:23  Shield Battery  
  122  7:25  Shield Battery  
  120  7:30  Adept x2  
  120  7:35  Adept x2  
  117  7:41  Adept x2  
  106  7:45  Adept  
  106  7:49  Probe  
  85  7:51  Adept x2  
  85  7:53  Probe  
  85  7:55  Adept x2  
  85  7:56  Oracle  
  85  8:02  Adept x2  
  85  8:05  Adept  
  84  8:11  Adept  
  69  8:13  Adept  
  69  8:17  Adept  
  75  8:21  Adept x2  
  75  8:25  Adept x3  
Tags
 
Add a new tag
Caveats
  • Supply blocks, unpowered buildings, or Contaminate may cause inaccurate times.
  • Supply counts are checked every 10 seconds.